 Dungeon Crawl Stone Soup version 0.31-a0-640-g39d97e502b (webtiles) character file.

Game seed: 3087539367304802070

233 qw the Shooter (level 6, 0/38 HPs)
             Began as a Gargoyle Hunter on Aug 27, 2023.
             Slain by an orc
             ... wielding a +0 hand axe
              (1 damage)
             ... on level 3 of the Dungeon.
             The game lasted 00:01:09 (2372 turns).

qw the Shooter (Gargoyle Hunter)                    Turns: 2372, Time: 00:01:09

Health: 0/38       AC:  7    Str: 15    XL:     6   Next: 5%
Magic:  6/6        EV: 11    Int:  9    God:
Gold:   161        SH:  0    Dex: 15    Spells: 5/5 levels left

rFire   . . .        Y - +0 shortbow
rCold   . . .        (shield currently unavailable)
rNeg    + . .        c - +0 leather armour
rPois   inf          (no helmet)
rElec   +            (no cloak)
rCorr   .            (no gloves)
SInv    .            (no boots)
Will    .....        b - amulet of the acrobat
Stlth   ++           (no ring)
HPRegen 0.26/turn    (no ring)
MPRegen 0.10/turn

%: acrobat
@: no status effects
A: sickness immunity, AC +4, negative energy resistance 1, electricity
resistance, torment resistance 1, petrification resistance
a: no special abilities


You were on level 3 of the Dungeon.
You visited 1 branch of the dungeon, and saw 3 of its levels.

You collected 161 gold pieces.


Innate Abilities, Weirdness & Mutations

You are immune to sickness and miasma.
Your stone body is resilient. (AC +4)
You are immune to poison.
You resist negative energy. (rN+)
You are resistant to electric shocks. (rElec)
You are resistant to unholy torment.
You are immune to petrification.


   Skills:
 - Level 4.1 Fighting
 + Level 6.3 Ranged Weapons
 - Level 1.5 Dodging
 - Level 1.1 Stealth


You had 5 spell levels left.
You didn't know any spells.
Your spell library was empty.

Inventory:

Hand Weapons
 Y - a +0 shortbow (weapon)
Armour
 c - a +0 leather armour (worn)
 m - a +0 ring mail
Jewellery
 b - an amulet of the acrobat (around neck)
Scrolls
 a - a scroll of torment {unknown}
 j - 2 scrolls of silence {unknown}
 k - a scroll of enchant armour {unknown}
 n - a scroll of noise {unknown}
 o - a scroll of amnesia {unknown}
 q - a scroll of identify
 r - a scroll of teleportation {unknown}
Potions
 d - a potion of attraction {unknown}
 e - a potion of enlightenment {unknown}
 f - 2 potions of curing
 h - a potion of mutation {unknown}
 i - a potion of might {unknown}
 l - a potion of degeneration {unknown}
 p - 2 potions of invisibility {unknown}

Dungeon Overview and Level Annotations

Branches:
Dungeon (3/15)

Altars:
Xom


Message History

You shoot an arrow. The arrow barely misses the orc priest.
The orc closely misses you.
The orc priest invokes the aid of Beogh against you.
You barely resist. You shoot an arrow.
The arrow closely misses the orc priest.
The orc closely misses you.
The orc priest hits you but does no damage.
You shoot an arrow. The arrow hits the orc priest.
The orc priest is moderately wounded.
The orc hits you with a +0 hand axe.
The orc priest calls down the wrath of Beogh upon you.
Beogh smites you!
You shoot an arrow.
The arrow completely misses the orc priest.
The orc hits you but does no damage.
The orc priest hits you but does no damage.
You shoot an arrow. The arrow barely misses the orc priest.
The orc barely misses you. The orc priest misses you.
You shoot an arrow.
The arrow closely misses the orc priest.
The orc hits you but does no damage. The orc priest completely misses you.
The orc hits you but does no damage. The orc priest completely misses you.
You shoot an arrow.
The arrow closely misses the orc priest.
The orc closely misses you. The orc priest barely misses you.
You shoot an arrow. The arrow hits the orc priest.
The orc priest is severely wounded.
The orc barely misses you.
The orc priest mumbles some strange prayers to Beogh against you.
Pain shoots through your body!
You shoot an arrow. The arrow hits the orc priest.
The orc priest is almost dead.
The orc hits you but does no damage.
The orc priest hits you but does no damage.
You shoot an arrow. The arrow barely misses the orc priest.
The orc hits you with a +0 hand axe. The orc priest closely misses you.
You shoot an arrow. The arrow barely misses the orc priest.
The orc hits you with a +0 hand axe.
You die...

.##.#..##...#.#.##..# #.##.#
.......##...#.#.##..# #.##.#
..#....# #.#.##..# #.##.#
..#....######.#.##..#####.##.#
..:..........................#
..#.................#####.#####.#
.##..............#..............#
... ...#########.#.##.###.#######
.#..... #@#.##.# #.# .....
..>...oo#.##.# #.# ... .
........#.##.# #.# ...
..^........... ..# ...?..#.#.##.#
#.. #.###.##.#..#.#.##.# #.# ...
........#.#.# #.#
####.###..#.#..#.# #.## #.#
.......#..#.#..#.# ##... #.#


You could see an orc priest and an orc.

Vanquished Creatures
  A jelly (D:3)
  An orc priest (D:3)
  An orc wizard (D:3)
  6 adders
  3 dart slugs (D:1)
  6 orcs (D:3)
  7 ball pythons
  5 endoplasms
  3 giant cockroaches
  5 goblins
  9 hobgoblins
  3 jackals (D:2)
  2 quokkas
  12 bats
  7 frilled lizards
  7 kobolds
  7 rats
85 creatures vanquished.

Notes
Turn   | Place    | Note
-------+----------+-------------------------------------------
     0 | D:1      | qw the Gargoyle Hunter began the quest for the Orb.
     0 | D:1      | Reached XP level 1. HP: 12/12 MP: 1/1
     0 | D:1      | 0 ||| qw: Version: 0.3-a-74-g0d5e918
     0 | D:1      | 0 ||| qw: Game counter: 48
     0 | D:1      | 0 ||| qw: Melee chars always use a shield: true
     0 | D:1      | 0 ||| qw: God list: Okawaru
     0 | D:1      | 0 ||| qw: Allow faded altars: false
     0 | D:1      | 0 ||| qw: Do Orc after clearing Dungeon:15 true
     0 | D:1      | 0 ||| qw: Do second Lair branch before Depths: true
     0 | D:1      | 0 ||| qw: Lair rune preference: random
     0 | D:1      | 0 ||| qw: Goals: Normal
     0 | D:1      | 0 ||| PLANNING D:1-11
    63 | D:1      | Reached XP level 2. HP: 17/17 MP: 2/2
   321 | D:1      | Reached XP level 3. HP: 21/21 MP: 3/3
   364 | D:1      | Reached skill level 5 in Ranged Weapons
   706 | D:1      | 706 ||| READING scroll labelled NATEF JIUSI.
   707 | D:1      | 707 ||| DRINKING 2 golden potions.
   713 | D:1      | 713 ||| DROPPING scroll of butterflies.
   714 | D:1      | 714 ||| DROPPING potion of ambrosia.
   883 | D:2      | Reached skill level 3 in Fighting
   951 | D:2      | Reached XP level 4. HP: 28/28 MP: 4/4
  1350 | D:2      | Found a shimmering altar of Xom.
  1744 | D:2      | 1744 ||| UPGRADING to amulet of the acrobat.
  1749 | D:2      | 1749 ||| READING 2 scrolls labelled DEAXZA LUFYALUAZXI.
  1750 | D:2      | 1750 ||| DRINKING 2 clear potions.
  1751 | D:2      | 1751 ||| DRINKING 3 smoky silvery potions.
  1752 | D:2      | 1752 ||| DROPPING scroll of fear.
  1823 | D:3      | Reached skill level 6 in Ranged Weapons
  1823 | D:3      | Reached XP level 5. HP: 32/32 MP: 5/5
  2066 | D:3      | HP: 5/32 [orc priest/+0 hand axe (5)]
  2067 | D:3      | 2067 ||| DRINKING 2 potions of heal wounds.
  2212 | D:3      | Reached XP level 6. HP: 36/38 MP: 6/6
  2358 | D:3      | HP: 9/38 [orc/+0 hand axe (4)]
  2359 | D:3      | 2359 ||| DRINKING potion of heal wounds.
  2364 | D:3      | HP: 8/38 [orc priest/divine providence (14)]
  2369 | D:3      | HP: 4/38 [orc priest/nerve-wracking pain (5)]
  2371 | D:3      | HP: 1/38 [orc/+0 hand axe (4)]
  2372 | D:3      | Slain by an orc

Levels and vault maps discovered:
D:1:      evilmike_arrival_hilbert_curve, layout_rooms, serial_bayou,
          serial_bayou_shore_b, serial_bayou_pond_e, serial_bayou_pond_a,
          serial_bayou_pond_e
D:2:      layout_basic, basic_altar
D:3:      minmay_angry_zag, layout_basic, dk_noncrumbling_4

Skill      XL: |  1  2  3  4  5 |
---------------+----------------+-----
Ranged Weapons | 5 6 |  6.3
Fighting       | 3 4 |  4.1
Dodging        | |  1.5
Stealth        | |  1.1

Action                     |  1- 3 |  4- 6 || total
---------------------------+-------+-------++-------
   Fire: Shortbow          |   107 |   182 ||   289
    Use: Potion            |     1 |     4 ||     5
         Scroll            |     1 |     1 ||     2
 Armour: Leather armour    |    13 |    43 ||    56
  Dodge: Dodged            |    17 |    67 ||    84

Table legend:
 A = Non-vault XP
 B = Vault XP
 C = Vault XP percentage of total XP
 D = Non-vault monster count
 E = Vault monster count
 F = Vault count percentage of total count
                 A         B        C        D         E       F
            +---------+---------+-------+---------+---------+-------
      Total |     314 |      20 |   6.0 |      80 |       5 |   5.9
            +---------+---------+-------+---------+---------+-------
        D:1 |      58 |       0 |   0.0 |      32 |       0 |   0.0
        D:2 |      74 |       0 |   0.0 |      26 |       0 |   0.0
        D:3 |     182 |      20 |   9.9 |      22 |       5 |  18.5
            +---------+---------+-------+---------+---------+-------
